[Event "Team 45 45 League T24"]
[Site "Internet Chess Club"]
[Date "2004.09.12"]
[Round "1"]
[White "BosqueVerde"]
[Black "rgadoury"]
[Result "0-1"]
[WhiteElo "1142"]
[BlackElo "1444"]
[TimeControl "2700+45"]

1. e4 e6 2. d4 d5 3. exd5 exd5 4. Nf3 Nf6 5. c4 dxc4 6. Bxc4 Be7 7. O-O O-O 8.
Nc3 a6 9. a4 c6 10. a5 Bb4 11. Bd2 Bxa5 12. Ne2 Bxd2 13. Qxd2 Nbd7 14. Qd3 Nb6
15. Bb3 Nbd5 16. Bc2 g6 17. h3 Nb4 18. Qc3 Nxc2 19. Qxc2 Be6 20. Nf4 Bd5 21. Ne5
Be4 22. Qc3 Nd5 23. Qg3 Nxf4 24. Qxf4 Bd5 25. Rad1 b5 26. Rfe1 a5 27. Qg4 Ra7
28. h4 h5 29. Qf4 Kg7 30. Re3 a4 31. Rh3 f5 32. Nf3 Bxf3 33. Qxf3 Rf6 34. Qf4
Rd7 35. Rhd3 Rd5 36. f3 c5 37. g4 fxg4 38. Qe4 Rxf3 39. dxc5 Rdxd3 40. Rxd3 Rxd3
41. Qb7+ Kh6 42. Qxb5 Rg3+ 43. Kf2 Rf3+ 44. Kg2 Qd2+ 45. Kg1 Qf2+ 46. Kh1 Rh3#
{White checkmated} 0-1

[Event "Team 45 45 League T24"]
[Site "Internet Chess Club"]
[Date "2004.09.10"]
[Round "1"]
[White "SandiaCaveMan"]
[Black "fuzzface"]
[Result "1-0"]
[WhiteElo "1274"]
[BlackElo "1345"]
[TimeControl "2700+45"]

1. d4 d5 2. Nf3 Nf6 3. e3 e6 4. Bd3 Nc6 5. Nbd2 Ne4 6. Nxe4 Nb4 7. Bb5+ Bd7 8.
Bxd7+ Qxd7 9. Ne5 Qb5 10. Nc3 Qb6 11. a3 Nc6 12. Nxc6 Qxc6 13. O-O a6 14. Re1
Bd6 15. e4 O-O-O 16. e5 Be7 17. Bd2 f6 18. exf6 gxf6 19. Na2 Bd6 20. Nb4 Qe8 21.
Nxd5 Qg6 22. Rxe6 Qf5 23. Rxd6 Qe4 24. Rxd8+ Kxd8 25. Nxf6 Qxd4 26. Bc3 {Black
resigns} 1-0

[Event "Team 45 45 League T24"]
[Site "Internet Chess Club"]
[Date "2004.09.13"]
[Round "1"]
[White "WannaB"]
[Black "ffplayer"]
[Result "0-1"]
[WhiteElo "1147"]
[BlackElo "1136"]
[TimeControl "2700+45"]

1. e4 e5 2. Nf3 Nc6 3. Bc4 Nf6 4. d3 Bc5 5. c3 O-O 6. b4 Bb6 7. O-O Ng4 8. d4 d6
9. h3 Nf6 10. Bg5 exd4 11. Nxd4 Bxd4 12. cxd4 Nxb4 13. e5 dxe5 14. dxe5 Qxd1 15.
Rxd1 Nc2 16. Nc3 Nxa1 17. exf6 gxf6 18. Bxf6 Be6 19. Bxe6 fxe6 20. Rxa1 Rxf6 21.
Ne4 Rf5 22. Rb1 b6 23. Rc1 c5 24. Nd6 Rd5 25. Ne4 Rad8 26. Nf6+ Kg7 27. Nxd5
Rxd5 28. Rc3 Kf7 29. Rf3+ Ke7 30. Rg3 h5 31. Rg7+ Kd6 32. Rxa7 c4 33. Ra8 Rc5
34. Rd8+ Kc6 35. Rc8+ Kb5 36. Rxc5+ Kxc5 37. Kf1 c3 38. Ke1 b5 39. Kd1 b4 40.
Kc2 Kc4 41. g4 hxg4 42. h4 Kd5 43. h5 Ke5 44. h6 Kf6 45. h7 Kg7 46. h8=Q+ Kxh8
47. Kb3 e5 48. Kc2 e4 49. a4 e3 50. fxe3 g3 {White resigns} 0-1

[Event "Team 45 45 League T24"]
[Site "Internet Chess Club"]
[Date "2004.09.14"]
[Round "1"]
[White "Girlprodigy"]
[Black "jericho121"]
[Result "1/2-1/2"]
[WhiteElo "1486"]
[BlackElo "1564"]
[TimeControl "2700+45"]

1. d4 Nf6 2. e3 g6 3. Be2 Bg7 4. c4 O-O 5. Nf3 d6 6. h3 c5 7. O-O Nbd7 8. Nc3
Ne8 9. e4 Nb6 10. dxc5 Nd7 11. cxd6 Nxd6 12. Qc2 b6 13. e5 Nxe5 14. Nxe5 Bxe5
15. Bf3 Bb7 16. Bxb7 Nxb7 17. Ne4 {Game drawn by mutual agreement} 1/2-1/2

[Event "Team 45 45 League T24"]
[Site "Internet Chess Club"]
[Date "2004.09.12"]
[Round "1"]
[White "Kurtosis"]
[Black "littleboo"]
[Result "0-1"]
[WhiteElo "1250"]
[BlackElo "1240"]
[TimeControl "2700+45"]

1. d4 d5 2. c4 e6 3. Nc3 c5 4. cxd5 exd5 5. Nf3 Nc6 6. dxc5 Nf6 7. Bg5 Bxc5 8.
Nxd5 Qxd5 9. Bxf6 Qxd1+ 10. Rxd1 gxf6 11. e3 Be6 12. b3 O-O 13. Bd3 Rad8 14. O-O
Rd7 15. Rd2 Bb4 16. Rdd1 Rfd8 17. Be2 Bf5 18. Rxd7 Rxd7 19. Rc1 Be4 20. Rc4 Bd5
21. Rg4+ Kh8 22. e4 Be6 23. Rh4 b6 24. h3 Bc5 25. Bb5 Rd1+ 26. Kh2 Nb4 27. a3
Bxf2 28. Rf4 Nc2 29. Rxf6 Nxa3 30. Be2 Ra1 31. Nd4 Bxd4 {White resigns} 0-1

[Event "Team 45 45 League T24"]
[Site "Internet Chess Club"]
[Date "2004.09.11"]
[Round "1"]
[White "DayDream01"]
[Black "Gaffeltruck"]
[Result "1/2-1/2"]
[WhiteElo "1064"]
[BlackElo "1173"]
[TimeControl "2700+45"]

1. d4 Nf6 2. c4 g6 3. Nc3 b6 4. e4 Bb7 5. d5 d6 6. Be2 Bc8 7. Bg5 Nfd7 8. Qa4
Na6 9. b4 c5 10. dxc6 Qc7 11. cxd7+ Qxd7 12. Rd1 Bg7 13. Qxd7+ Bxd7 14. Nd5 f6
15. c5 b5 16. Be3 Bc6 17. a4 Rb8 18. Nf3 g5 19. Nd4 Bxd5 20. exd5 Nxb4 21. Bxb5+
Kf7 22. O-O Nxd5 23. Nc6 Nxe3 24. Nxb8 Nxd1 25. Bc4+ Kg6 26. cxd6 exd6 27. Rxd1
Rxb8 28. g3 Bf8 29. Kg2 Kg7 30. Bb5 a5 31. Kh3 Rd8 32. Kg4 d5 33. Kf5 Rd6 34.
Re1 d4 35. Bd3 Rd5+ 36. Ke6 Rd6+ 37. Kf5 Rd5+ 38. Ke6 Re5+ 39. Rxe5 fxe5 40.
Kxe5 Bb4 41. Kxd4 Be1 42. Ke3 h6 43. g4 Bb4 44. Ke4 Bd6 45. h3 Kf6 46. f3 Bg3
47. Kd5 Bh4 48. Bf5 Be1 49. Ke4 Bd2 {Game drawn by mutual agreement} 1/2-1/2

[Event "Team 45 45 League T24"]
[Site "Internet Chess Club"]
[Date "2004.09.11"]
[Round "1"]
[White "camembert"]
[Black "DidntSeeIt"]
[Result "1-0"]
[WhiteElo "1799"]
[BlackElo "1700"]
[TimeControl "2700+45"]

1. e4 c5 2. Nf3 e6 3. c3 d5 4. exd5 exd5 5. d4 Nf6 6. Be2 Bf5 7. Be3 Qb6 8. b3
Ne4 9. O-O Be7 10. dxc5 Bxc5 11. Bxc5 Qxc5 12. Qd4 O-O 13. Qxc5 Nxc5 14. Nd4 Bd3
15. Bxd3 Nxd3 16. Rd1 Nf4 17. Nb5 Nc6 18. g3 Ng6 19. Nc7 Rad8 20. Nxd5 Rfe8 21.
c4 Nge7 22. Nxe7+ Nxe7 23. Nc3 Nc6 24. Rxd8 Rxd8 25. Rd1 Kf8 26. Rxd8+ Nxd8 27.
Kf1 Ke7 28. Ke2 Nc6 29. f4 Nd4+ 30. Ke3 Nf5+ 31. Kd3 Nh6 32. h3 Nf5 33. g4 Nh4
34. b4 Ng2 35. Ke4 Ne1 36. a4 Nc2 37. Nd5+ Kd6 38. a5 Na3 39. Kd3 Nb5 40. Nc3
Na3 41. Ne4+ Ke7 42. Kc3 g6 43. Nd2 {Black resigns} 1-0

[Event "Team 45 45 League T24"]
[Site "Internet Chess Club"]
[Date "2004.09.11"]
[Round "1"]
[White "Tinky"]
[Black "chinta"]
[Result "0-1"]
[WhiteElo "1544"]
[BlackElo "1647"]
[TimeControl "2700+45"]

1. d4 d5 2. Nf3 Bd7 3. e3 Nf6 4. Nbd2 e6 5. Bd3 Bd6 6. O-O O-O 7. c3 c5 8. Re1
c4 9. Bc2 Qc7 10. e4 dxe4 11. Nxe4 Be7 12. Bg5 Qd8 13. Qe2 b5 14. Nxf6+ Bxf6 15.
Bxf6 Qxf6 16. Qe4 Qf5 17. Qxa8 Qxc2 18. Qxa7 Qxb2 19. Ne5 Bc6 20. Rac1 Qd2 21.
Red1 Qg5 22. Nxc6 Nxc6 23. Qb6 Ne7 24. Qxb5 Qxb5 {White resigns} 0-1

[Event "Team 45 45 League T24"]
[Site "Internet Chess Club"]
[Date "2004.09.11"]
[Round "1"]
[White "Amauta"]
[Black "trevor21"]
[Result "1/2-1/2"]
[WhiteElo "1991"]
[BlackElo "2174"]
[TimeControl "2700+45"]

1. e4 e6 2. d4 d5 3. e5 c5 4. c3 Nc6 5. Bb5 Bd7 6. Nf3 Nxe5 7. Be2 Nc6 8. O-O
Nf6 9. dxc5 Bxc5 10. b4 Bd6 11. Bg5 O-O 12. Na3 h6 13. Bh4 Ne5 14. Nxe5 Bxe5 15.
Rc1 Rc8 16. Qd3 a6 17. f4 Bc7 18. Bd1 Bb6+ 19. Kh1 Qe7 20. Bc2 g6 21. Rf3 Bc6
22. Re1 d4 23. Rh3 dxc3 24. Qg3 Qd8 25. Bxg6 Re8 26. f5 exf5 27. Rxe8+ Bxe8 28.
Bxf5+ Kf8 29. Bxc8 Bc6 30. Qxc3 Qd5 31. Rf3 Qd1+ 32. Be1 Ne4 33. Qh8+ Ke7 34.
Qe5+ Kd8 35. Qh8+ Ke7 36. Qe5+ {Game drawn by mutual agreement} 1/2-1/2

[Event "Team 45 45 League T24"]
[Site "Internet Chess Club"]
[Date "2004.09.14"]
[Round "1"]
[White "nursey"]
[Black "siddhu"]
[Result "1/2-1/2"]
[WhiteElo "1709"]
[BlackElo "1911"]
[TimeControl "2700+45"]

1. d4 d5 2. c4 c6 3. Nf3 Nf6 4. Nc3 e6 5. e3 Nbd7 6. Bd3 Bb4 7. O-O Bxc3 8. bxc3
O-O 9. cxd5 cxd5 10. c4 dxc4 11. Bxc4 Nb6 12. Bd3 Bd7 13. Ba3 Re8 14. Rc1 Rc8
15. Rxc8 Qxc8 16. Ne5 Nfd5 17. Qh5 g6 18. Qf3 f6 19. Rc1 Qd8 20. Nxd7 Qxd7 21.
e4 Ne7 22. Qxf6 Nc6 23. Bc5 Na4 24. Bb5 Nxc5 25. Rxc5 a6 26. Ba4 b5 27. d5 exd5
{Game drawn by mutual agreement} 1/2-1/2

[Event "Team 45 45 League T24"]
[Site "Internet Chess Club"]
[Date "2004.09.11"]
[Round "1"]
[White "clarnibass"]
[Black "GameMaster"]
[Result "1-0"]
[WhiteElo "1681"]
[BlackElo "1657"]
[TimeControl "2700+45"]

1. e4 c5 2. Nf3 d6 3. d4 cxd4 4. Nxd4 g6 5. Nc3 Bg7 6. Be3 Nf6 7. f3 O-O 8. Qd2
Re8 9. O-O-O Qc7 10. Ndb5 Qd8 11. Nxa7 Nc6 12. Nxc6 bxc6 13. e5 Nd7 14. exd6
exd6 15. Bd4 Ne5 16. f4 c5 17. Bxe5 Rxe5 18. fxe5 Bxe5 19. Bc4 Bf6 20. Qxd6 Bg5+
21. Kb1 Qa5 22. Rhe1 Ba6 23. Bxa6 Rxa6 24. Qd5 Bf6 25. Ne4 Bxb2 26. Kxb2 Qa3+
27. Ka1 Ra5 28. Qb3 {Black resigns} 1-0

[Event "Team 45 45 League T24"]
[Site "Internet Chess Club"]
[Date "2004.09.11"]
[Round "1"]
[White "watwungyi"]
[Black "tjet"]
[Result "1/2-1/2"]
[WhiteElo "1487"]
[BlackElo "1606"]
[TimeControl "2700+45"]

1. d4 d5 2. g3 c6 3. Bg2 Bf5 4. c4 Bxb1 5. Rxb1 Nf6 6. cxd5 Nxd5 7. e4 Nb6 8.
Ne2 e6 9. O-O Be7 10. Qb3 O-O 11. Bf4 N8d7 12. a4 a5 13. Rfd1 Nb8 14. Nc3 Na6
15. Bf1 Nb4 16. d5 exd5 17. exd5 cxd5 18. Nxd5 N6xd5 19. Bg2 Qb6 20. Bxd5 Bc5
21. Qf3 Nxd5 22. Rxd5 Rad8 23. Rxd8 Rxd8 24. Be3 Bxe3 25. Qxe3 Qxe3 26. fxe3 g6
27. Kf2 Rd2+ 28. Kg1 Re2 29. b4 axb4 30. Rxb4 Rxe3 31. Rxb7 Ra3 32. Rb4 Ra2 33.
h3 h5 34. Kf1 Kg7 35. Ke1 Ra3 36. Kf2 g5 37. Rb5 f6 38. a5 Kg6 39. Rc5 h4 40.
gxh4 gxh4 41. Kg2 f5 42. Rc6+ Kg5 43. a6 Rg3+ 44. Kh2 Ra3 45. Kg2 Ra4 46. Rb6
Kf4 47. Kf2 Ra2+ 48. Kg1 Kg3 49. Rb3+ Kf4 50. Rb4+ Ke5 51. Rxh4 Rxa6 52. Kf2 Ra3
53. Rh5 Ke4 54. h4 f4 55. Rh8 Ra2+ 56. Ke1 Kf3 57. h5 Ra1+ 58. Kd2 Kf2 59. h6
Ra6 60. h7 Rd6+ 61. Kc3 f3 62. Kc4 Rh6 63. Kd3 Kf1 64. Ke3 f2 65. Kf3 {Game
drawn by mutual agreement} 1/2-1/2

[Event "Team 45 45 League T24"]
[Site "Internet Chess Club"]
[Date "2004.09.11"]
[Round "1"]
[White "clarinetref"]
[Black "BosqueVerde"]
[Result "1-0"]
[WhiteElo "1365"]
[BlackElo "1147"]
[TimeControl "2700+45"]

1. Nf3 e6 2. c4 d5 3. b3 c5 4. e3 Nc6 5. cxd5 exd5 6. g3 Nf6 7. Bg2 Bg4 8. O-O
Bd6 9. Re1 O-O 10. Nc3 Be5 11. Qc2 Nb4 12. Qb1 Ne4 13. Nxe5 Qf6 14. Nxg4 Qe6 15.
Nxe4 dxe4 16. Qxe4 Rae8 17. Qxe6 Rxe6 18. f4 Nd3 19. Rf1 b5 20. Nf2 Nb4 21. Bb2
Rd8 22. Rfd1 Nc2 23. Rac1 Nb4 24. Rxc5 Nd3 25. Nxd3 h6 26. Ne5 f6 27. Nc6 Rde8
28. Bd5 {Black resigns} 1-0

[Event "Team 45 45 League T24"]
[Site "Internet Chess Club"]
[Date "2004.09.13"]
[Round "1"]
[White "EyeAm"]
[Black "hotzoddy"]
[Result "0-1"]
[WhiteElo "1259"]
[BlackElo "1243"]
[TimeControl "2700+45"]

1. e4 e6 2. c4 c5 3. Nc3 Nc6 4. Nf3 d6 5. d3 Nf6 6. Bg5 Be7 7. Be2 O-O 8. O-O h6
9. Be3 e5 10. Nd5 Nxd5 11. cxd5 Nd4 12. Nxd4 cxd4 13. Bd2 b6 14. b4 Bb7 15. Bc1
Bg5 16. f4 exf4 17. Bxf4 Bxf4 18. Rxf4 b5 19. Qd2 a5 20. Raf1 f6 21. Bg4 axb4
22. Be6+ Kh8 23. Qxb4 Rxa2 24. Qxb5 Bc8 25. Qb3 Ra8 26. Bg4 Bxg4 27. Rxg4 Rc8
28. Qd1 Qd7 29. Rf5 Rce8 30. Qf3 Kg8 31. Rxf6 Rxf6 32. Qxf6 Qxg4 33. Qxd4 Qd1+
34. Kf2 Rf8+ 35. Kg3 Qe1+ 36. Kh3 Qf1 37. Qc4 Qf7 38. Qc1 Qh5+ 39. Kg3 Rf6 40.
h3 Qe5+ 41. Kh4 Rf4+ 42. Qxf4 Qxf4+ 43. Kh5 g6+ 44. Kxg6 Qg5# {White checkmated}
0-1

[Event "Team 45 45 League T24"]
[Site "Internet Chess Club"]
[Date "2004.09.11"]
[Round "1"]
[White "slakkjaw"]
[Black "houseofcook"]
[Result "0-1"]
[WhiteElo "1240"]
[BlackElo "1320"]
[TimeControl "2700+45"]

1. d4 Nf6 2. c4 g6 3. Nc3 Bg7 4. Nf3 O-O 5. Bf4 d6 6. d5 c6 7. e4 Nh5 8. Qd2
Nxf4 9. Qxf4 Nd7 10. O-O-O Ne5 11. h3 f5 12. Ng5 fxe4 13. Qxe4 Rxf2 14. Qh4 Qb6
15. Qxh7+ Kf8 16. Be2 Qe3+ 17. Kb1 Qxg5 18. Ne4 Bf5 19. Bd3 Bxe4 20. Bxe4 c5 21.
Rhg1 Qh6 22. Qxh6 Bxh6 23. Rgf1 Be3 24. b3 Kg7 25. Rde1 Raf8 26. Rh1 R8f4 27.
Rxe3 Rf1+ 28. Rxf1 Rxf1+ 29. Kb2 Rf2+ 30. Ka3 b6 31. g4 Rf4 32. Ka4 a6 33. b4
Nxc4 34. Re2 b5+ 35. Kb3 Nd2+ 36. Rxd2 Rxe4 37. a3 c4+ 38. Kc3 Re3+ 39. Kc2 Rxh3
40. Re2 Rxa3 41. Rxe7+ Kh6 42. Re6 a5 43. bxa5 Rxa5 44. Rxd6 b4 45. Rb6 b3+ 46.
Kb2 Ra2+ 47. Kb1 Rd2 48. d6 Kg5 49. Rb7 c3 50. Rxb3 Rxd6 51. Rxc3 Kxg4 52. Rc1
Kf5 53. Rc2 g5 54. Kc1 g4 55. Rd2 Rxd2 56. Kxd2 Kf4 57. Ke2 g3 58. Kf1 Kf3 59.
Kg1 g2 {White resigns} 0-1

[Event "Team 45 45 League T24"]
[Site "Internet Chess Club"]
[Date "2004.09.11"]
[Round "1"]
[White "jerry813"]
[Black "Mila-Reina"]
[Result "1-0"]
[WhiteElo "1270"]
[BlackElo "1085"]
[TimeControl "2700+45"]

1. e4 c5 2. Nf3 d6 3. g3 a6 4. Bg2 e6 5. Nc3 Nc6 6. d4 b6 7. O-O Nf6 8. Bg5 Be7
9. Bxf6 Bxf6 10. d5 Ne7 11. Re1 e5 12. Na4 Ng6 13. Nd2 Bd7 14. c3 b5 15. Nxc5
dxc5 16. Nb3 c4 17. Nd2 O-O 18. b3 Bg5 19. bxc4 bxc4 20. Nxc4 f5 21. Nd6 fxe4
22. Nxe4 Be7 23. d6 Bf6 24. Nxf6+ Qxf6 25. Bxa8 Rxa8 26. Qd5+ Kf8 27. Qxa8+ Kf7
28. Qb7 Qe6 29. Red1 e4 30. Qd5 Qxd5 31. Rxd5 Be6 32. Rdd1 Ne5 33. Rd4 Nf3+ 34.
Kf1 Nxd4 35. cxd4 Bd7 36. Rc1 Ke6 37. Rc7 Bb5+ 38. Kg1 Kxd6 39. Rxg7 h5 40. Rg5
a5 41. Rxb5 Kc6 42. Rxa5 Kb6 43. Rxh5 Kc6 44. a4 {Black resigns} 1-0

[Event "Team 45 45 League T24"]
[Site "Internet Chess Club"]
[Date "2004.09.15"]
[Round "1"]
[White "Grayth"]
[Black "mrmarck"]
[Result "0-1"]
[WhiteElo "1382"]
[BlackElo "1377"]
[TimeControl "2700+45"]

1. e4 c5 2. Nf3 e6 3. Bc4 Nc6 4. d4 cxd4 5. O-O Nf6 6. Bg5 Be7 7. e5 Ng4 8. Bxe7
Qxe7 9. Nxd4 Ngxe5 10. Nxc6 bxc6 11. Qd4 Qg5 12. f4 Qf5 13. Qxe5 Qxc2 14. Qxg7
Rf8 15. Qc3 Qg6 16. f5 Qg4 17. Nd2 Rg8 18. Qg3 Qd4+ 19. Qe3 Qxe3+ {White
resigns} 0-1

[Event "ICC w20 21 45 u"]
[Site "Internet Chess Club"]
[Date "2004.09.09"]
[Round "-"]
[White "MikePetska"]
[Black "NineMilly"]
[Result "1-0"]
[ICCResult "Black checkmated"]
[WhiteElo "1151"]
[BlackElo "1037"]
[Opening "French defense"]
[ECO "B41"]
[NIC "FR.01"]
[Time "17:34:15"]
[TimeControl "1260+45"]

1. e4 e6 2. d4 c5 3. Nf3 h6 4. b3 a6 5. Bb2 Qb6 6. Bc4 Nf6 7. Nc3 Qa5 8. O-O Bd6
9. e5 cxd4 10. Qxd4 Bc5 11. Qxc5 Qxc5 12. exf6 g6 13. Ne4 Qc7 14. Ba3 Qa5 15.
Nd6+ Kd8 16. Nxf7+ Ke8 17. Nd6+ Kd8 18. Bb2 Nc6 19. Nf7+ Kc7 20. Nxh8 d5 21. f7
Bd7 22. Nxg6 Qb4 23. Bg7 dxc4 24. f8=Q Rxf8 25. Nxf8 Bc8 26. Rfe1 Qe7 27. Bxh6
Qf6 28. Bg7 Qe7 29. Bh6 Qf6 30. Bg7 Qe7 31. Rad1 cxb3 32. cxb3 Kb6 33. Nxe6 Bxe6
34. Bd4+ Kb5 35. a4+ Ka5 36. Bc3+ Kb6 37. Nd4 Qa3 38. a5+ Nxa5 39. Rxe6+ Kc5 40.
Ra1 Qxa1+ 41. Bxa1 Kd5 42. Re8 Nc6 43. Nxc6 bxc6 44. h4 c5 45. h5 a5 46. h6 c4
47. h7 c3 48. Bxc3 Kc5 49. Bxa5 Kb5 50. b4 Ka4 51. h8=Q Kb5 52. Rc8 Ka6 53. Qf6+
Kb5 54. Qc6# {Black checkmated} 1-0

[Event "Team 45 45 League T24"]
[Site "Internet Chess Club"]
[Date "2004.09.12"]
[Round "1"]
[White "Ernesto-R"]
[Black "jaymel"]
[Result "1-0"]
[WhiteElo "1162"]
[BlackElo "1255"]
[TimeControl "2700+45"]

1. e4 e5 2. Nf3 Nc6 3. Bc4 d6 4. h3 Be6 5. Bxe6 fxe6 6. c3 Nf6 7. d3 d5 8. Qe2
h6 9. Be3 d4 10. cxd4 exd4 11. Bf4 Bb4+ 12. Nbd2 Na5 13. O-O g5 14. Be5 O-O 15.
Bxd4 g4 16. hxg4 Nxg4 17. a3 Bd6 18. e5 Be7 19. Qe4 Rf5 20. Qxg4+ Bg5 21. Nxg5
Rxg5 22. Qxe6+ Kh7 23. Nf3 Rg6 24. Qf7+ Rg7 25. Qf5+ Rg6 26. Rad1 Qd5 27. Nh4
Rg8 28. Nxg6 Rxg6 29. Qe4 Qe6 30. Bxa7 Nc6 31. Bc5 Kg7 32. d4 Na5 33. d5 Qh3 34.
e6 Rg4 35. Qe5+ Kg8 36. Qh2 Qb3 37. e7 Qb5 38. Qxh6 Qe8 39. Qe6+ Kh8 40. Qxg4 b6
41. Bd4+ {Black resigns} 1-0

[Event "Team 45 45 League T24"]
[Site "Internet Chess Club"]
[Date "2004.09.12"]
[Round "1"]
[White "fibin"]
[Black "Blake7"]
[Result "0-1"]
[WhiteElo "1348"]
[BlackElo "1466"]
[TimeControl "2700+45"]

1. g3 d5 2. d3 Nf6 3. Bg2 Bg4 4. h3 Bf5 5. Nf3 e6 6. Nh4 Bd6 7. Nxf5 exf5 8. Bg5
c6 9. Nd2 Nbd7 10. Nf3 O-O 11. Qd2 Re8 12. Nh4 Qb6 13. c3 h6 14. Bxf6 Nxf6 15.
Nxf5 Rad8 16. Nxd6 Rxd6 17. O-O Rde6 18. e3 Nd7 19. d4 Qb5 20. Rfb1 a5 21. Bf1
Qb6 22. h4 Nf6 23. Bd3 Ne4 24. Bxe4 Rxe4 25. a4 Qc7 26. b4 b6 27. bxa5 bxa5 28.
Rb2 Rb8 29. Rab1 Ree8 30. Rxb8 Rxb8 31. Rxb8+ Qxb8 32. Kg2 Qb3 33. Qd3 Qxa4 34.
Qa6 g6 35. Qc8+ Kg7 36. Qg4 Qc2 37. h5 Qe4+ 38. Qxe4 dxe4 39. c4 a4 40. d5 cxd5
41. c5 Kf8 42. hxg6 fxg6 43. f3 exf3+ 44. Kxf3 a3 45. c6 Ke8 {White resigns} 0-1

[Event "Team 45 45 League T24"]
[Site "Internet Chess Club"]
[Date "2004.09.12"]
[Round "1"]
[White "tekdeth"]
[Black "Midwest-Rook"]
[Result "1-0"]
[WhiteElo "1391"]
[BlackElo "1430"]
[TimeControl "2700+45"]

1. e4 e5 2. Nf3 Nc6 3. Bb5 Bc5 4. Bxc6 dxc6 5. Nxe5 Qh4 6. O-O Qg5 7. d4 Qf6 8.
dxc5 Qxe5 9. Be3 Nf6 10. Nc3 O-O 11. Qd2 Ng4 12. Bf4 Qe7 13. Rad1 Be6 14. h3
Rad8 15. Qe2 Qf6 16. Bxc7 Rxd1 17. Nxd1 Nh6 18. Qd3 Qg5 19. Qg3 Qxc5 20. Bd6
Qxc2 21. Bxf8 Kxf8 22. Qd6+ Ke8 23. Ne3 Qxe4 24. Rd1 Bd5 25. Nxd5 cxd5 26. Qb8+
Ke7 27. Qxb7+ Kf6 28. Qa6+ Kf5 29. Qxa7 Kf6 30. Qd4+ Qxd4 31. Rxd4 Ke5 32. Rd1
Nf5 33. a4 Nd6 34. a5 Nb5 35. a6 Kd6 36. Ra1 Na7 37. b4 Kc6 38. Rc1+ Kb6 39. g4
Nb5 40. f4 Kxa6 41. Rc5 d4 42. Kf1 Kb6 43. Ke2 Nc3+ 44. Kd3 Nb5 45. Kc4 Nc7 46.
f5 Na6 47. Kxd4 Nxc5 48. bxc5+ Kc6 49. h4 f6 50. g5 h6 51. g6 h5 52. Kc4 Kd7 53.
Kd5 Kc7 54. Ke6 Kd8 55. Kf7 Kd7 56. Kxg7 {Black resigns} 1-0

[Event "Team 45 45 League T24"]
[Site "Internet Chess Club"]
[Date "2004.09.12"]
[Round "1"]
[White "peterts"]
[Black "rpgrossman"]
[Result "1-0"]
[WhiteElo "1091"]
[BlackElo "1094"]
[TimeControl "2700+45"]

1. e4 Nf6 2. e5 Ne4 3. d4 d5 4. f3 Nf2 5. Kxf2 Nc6 6. Bb5 Bd7 7. Nc3 a6 8. Bxc6
Bxc6 9. Bg5 f6 10. exf6 exf6 11. Bf4 g5 12. Bg3 Bd6 13. Nh3 f5 14. Re1+ Be7 15.
Nxg5 Qd7 16. Ne6 Bd6 17. Nc5+ Kd8 18. Nxd7 Kxd7 19. Bh4 Bxh2 20. Qe2 Rae8 21.
Be7 Bd6 22. Qe6# {Black checkmated} 1-0

[Event "Team 45 45 League T24"]
[Site "Internet Chess Club"]
[Date "2004.09.13"]
[Round "1"]
[White "viking99"]
[Black "claymil"]
[Result "1-0"]
[WhiteElo "1806"]
[BlackElo "1650"]
[TimeControl "2700+45"]

1. e4 c5 2. Nf3 Nc6 3. d4 cxd4 4. Nxd4 d6 5. c4 Nf6 6. Nc3 g6 7. f3 Bg7 8. Be3
O-O 9. Be2 a6 10. Qd2 Re8 11. Rd1 Qc7 12. O-O e6 13. Nxc6 Qxc6 14. Qxd6 Bd7 15.
e5 Qxd6 16. Rxd6 Ng4 17. fxg4 Bc6 18. Bf4 Bf8 19. Rd3 Rac8 20. b3 b5 21. cxb5
axb5 22. Bf3 b4 23. Bxc6 Rxc6 24. Ne4 Ra8 25. Rd2 h6 26. Nf6+ Kg7 27. Rfd1 g5
28. Be3 Be7 29. Nh5+ Kg6 30. Rd7 Bc5 31. Bxc5 Rxc5 32. Rf1 Rf8 33. Rf6+ Kh7 34.
Rdxf7+ Rxf7 35. Rxf7+ Kg8 36. Ra7 Rxe5 37. Nf6+ {Black resigns} 1-0

[Event "Team 45 45 League T24"]
[Site "Internet Chess Club"]
[Date "2004.09.11"]
[Round "1"]
[White "PatrookMcKnight"]
[Black "forku2"]
[Result "0-1"]
[WhiteElo "1624"]
[BlackElo "1596"]
[TimeControl "2700+45"]

1. e4 e6 2. d4 d5 3. Nd2 dxe4 4. Nxe4 Nf6 5. Nxf6+ Qxf6 6. c3 Bd6 7. Nf3 h6 8.
Bd3 Bd7 9. Qe2 Bc6 10. O-O Bxf3 11. Qxf3 Qxf3 12. gxf3 Nc6 13. b4 Kd7 14. a4 Ne7
15. Be4 Nd5 16. Bd2 c6 17. Rab1 a6 18. c4 Nf4 19. Bxf4 Bxf4 20. b5 f5 21. bxc6+
bxc6 22. Rb7+ Kc8 23. Bxc6 g5 24. Rfb1 Bc7 25. Rxc7+ Kxc7 26. Bxa8 Rxa8 27. Kf1
Rd8 28. Rd1 Rb8 29. Re1 Kd6 30. c5+ Kd5 31. Rc1 Kxd4 32. c6 Kd5 33. c7 Rc8 34.
Ke2 Kd4 35. Kd2 a5 36. Rc3 f4 37. Rc6 Kd5 38. Rc3 Kd6 39. Kc2 Rxc7 40. Rxc7 Kxc7
41. Kc3 Kc6 42. h3 Kc5 43. Kb3 Kd4 44. Kb2 Kc4 45. Ka3 Kc3 46. Ka2 Kb4 47. Kb2
Kxa4 48. Ka2 Kb4 49. Kb2 Kc4 50. Ka3 Kd3 51. Ka4 Ke2 52. Kxa5 Kxf2 53. Kb5 Kxf3
54. Kc5 Kg2 55. Kd6 f3 56. Kxe6 f2 57. Kf6 f1=Q+ 58. Kg6 Kg3 59. Kxh6 Qxh3+ 60.
Kg6 Kf4 61. Kf6 Qf5+ 62. Ke7 Ke5 63. Kd8 Qf7 64. Kc8 Kd6 65. Kb8 Kc6 66. Ka8
Qb7# {White checkmated} 0-1

[Event "Team 45 45 League T24"]
[Site "Internet Chess Club"]
[Date "2004.09.14"]
[Round "1"]
[White "Lothar"]
[Black "Mississippian"]
[Result "1-0"]
[WhiteElo "1543"]
[BlackElo "1416"]
[TimeControl "2700+45"]

1. d4 Nf6 2. c4 g6 3. Nc3 Bg7 4. e4 d6 5. Nf3 O-O 6. h3 Nbd7 7. Be3 c5 8. Qd2
Re8 9. Be2 Qb6 10. O-O e6 11. Kh1 h5 12. b3 Qc7 13. Rad1 b6 14. Nb5 Qb8 15. Ng5
Bh6 16. Bd3 Bb7 17. f3 a6 18. Nc3 Kg7 19. f4 d5 20. cxd5 exd5 21. e5 Ng4 22.
hxg4 hxg4 23. Be2 Bxg5 24. fxg5 Rh8+ 25. Kg1 Rh7 26. Bxg4 Bc6 27. Bf4 Qh8 28.
Kf2 Rh4 29. Bxd7 Bxd7 30. e6 Bxe6 31. Be5+ f6 32. Bxf6+ Kf7 33. Bxh8 Raxh8
{Black resigns} 1-0

[Event "Team 45 45 League T24"]
[Site "Internet Chess Club"]
[Date "2004.09.11"]
[Round "1"]
[White "erebus"]
[Black "maq"]
[Result "0-1"]
[WhiteElo "1945"]
[BlackElo "1748"]
[TimeControl "2700+45"]

1. e4 Nf6 2. Nc3 d5 3. exd5 Nxd5 4. Qf3 c6 5. Bc4 e6 6. Nge2 Be7 7. O-O O-O 8.
d4 Nd7 9. Qg3 Bh4 10. Qf3 N7b6 11. Bd3 Nxc3 12. bxc3 Nd5 13. c4 Nb4 14. Rd1 Nxd3
15. Rxd3 Qf6 16. Bf4 g5 17. Qh5 Qg6 18. Qxg6+ fxg6 19. Bg3 b6 20. f3 Ba6 21. Rc3
Rad8 22. Be5 g4 23. Nf4 Rxf4 24. Bxf4 Rxd4 25. Be5 Rd2 26. g3 Be7 27. fxg4 Re2
28. Bd4 Re4 29. Rd1 Rxd4 30. Rxd4 Bc5 31. Kf1 Bxd4 32. Ra3 Bxc4+ 33. Ke1 b5 34.
Ra6 Bd5 35. Kd2 Kf7 36. g5 e5 37. Ke2 e4 38. h4 Bc5 39. a4 bxa4 40. Rxa4 Ke7 41.
g4 Kd6 42. h5 Ke5 43. c4 Be6 44. Ra5 Bxc4+ 45. Ke1 {White resigns} 0-1

[Event "Team 45 45 League T24"]
[Site "Internet Chess Club"]
[Date "2004.09.12"]
[Round "1"]
[White "jericho121"]
[Black "Agent911"]
[Result "0-1"]
[WhiteElo "1568"]
[BlackElo "1614"]
[TimeControl "2700+45"]

1. e4 c5 2. Nf3 Nc6 3. d4 cxd4 4. Nxd4 Nf6 5. Nc3 e5 6. Ndb5 d6 7. Bg5 a6 8. Na3
b5 9. Nd5 Be7 10. Bd3 Nxd5 11. exd5 Bxg5 12. dxc6 Qa5+ 13. c3 b4 14. Nc4 Qc5 15.
Qf3 bxc3 16. b3 Be6 17. O-O O-O 18. Bxh7+ Kxh7 19. Qh5+ Bh6 20. Rac1 Bxc4 21.
Rxc3 Qxc6 22. Rxc4 Qd7 23. Rfc1 Rac8 24. g4 g6 25. Qh4 Rxc4 26. bxc4 g5 27. Qh3
f5 28. f3 fxg4 29. fxg4 Qa7+ 30. Kh1 Qf2 31. Qg2 Qxg2+ 32. Kxg2 Rf4 33. h3 Bf8
34. Rc3 Be7 35. a4 Bd8 36. c5 dxc5 37. Rxc5 Rxa4 38. Rxe5 Ra3 39. Rd5 Bf6 40.
Rf5 Kg6 41. Rd5 a5 42. Rd6 Kf7 43. Ra6 Bc3 44. Rc6 Bd2 45. Ra6 Rd3 46. Rc6 a4
47. Rc2 a3 48. Ra2 Bc1 49. Ra1 Bb2 50. Ra2 Rd1 51. Kg3 Ra1 {White resigns} 0-1

[Event "Team 45 45 League T24"]
[Site "Internet Chess Club"]
[Date "2004.09.13"]
[Round "1"]
[White "Ratbeard"]
[Black "Gralem"]
[Result "1-0"]
[WhiteElo "1434"]
[BlackElo "1373"]
[TimeControl "2700+45"]

1. e4 e5 2. Nf3 Nc6 3. Bb5 a6 4. Bxc6 bxc6 5. d4 exd4 6. Nxd4 Bc5 7. O-O Nf6 8.
Bg5 h6 9. Bh4 O-O 10. e5 g5 11. exf6 Qxf6 12. c3 gxh4 13. h3 d5 14. Nf3 Bf5 15.
Nd4 Bxd4 16. Qxd4 Qg6 17. Kh1 Rfe8 18. Qxh4 Be4 19. Rg1 Re5 20. Nd2 Rae8 21. Nf3
Bxf3 22. gxf3 Rg5 23. f4 Qe4+ 24. Kh2 Rxg1 25. Rxg1+ Kh7 26. Qf6 Qg6 27. Rxg6
fxg6 28. Qf7+ {Black resigns} 1-0